 Dungeon Crawl Stone Soup version 0.20.0 (webtiles) character file.

115866 SpeedrunTech the Executioner (level 16, -1/155 HPs)
             Began as a Minotaur Berserker on June 11, 2017.
             Was an Elder of Trog.
             Hit by a javelin of returning thrown by a merfolk javelineer (4 damage)
             ... on level 4 of the Shoals.
             The game lasted 00:18:52 (24107 turns).

SpeedrunTech the Executioner (Minotaur Berserker)  Turns: 24107, Time: 00:18:53

Health: -1/155     AC: 23    Str: 24    XL:     16   Next: 19%
Magic:  5/5        EV: 14    Int:  6    God:    Trog [****..]
Gold:   1293       SH:  0    Dex: 14    Spells: 15/15 levels left

rFire    . . .     SeeInvis .   a - +3 battleaxe (antimagic)
rCold    . . .     Gourm    .   (shield currently unavailable)
rNeg     . . .     Faith    .   r - +0 plate armour
rPois    .         Spirit   .   (helmet unavailable)
rElec    .         Reflect  .   p - +1 cloak
rCorr    .         Harm     .   s - +1 pair of gloves
MR       +++++                  g - +0 pair of boots
Stlth    ..........             B - amulet of regeneration
Regen    1.8/turn               D - +5 ring of evasion
MPRegen  0.1/turn               I - ring of the Mage {Wiz MR++ Int+3}

@: berserk cooldown, regenerating, slowed, very slow
A: retaliatory headbutt, hooves 1, horns 3, dopey 1, wild magic 1
a: Berserk, Trog's Hand, Brothers in Arms, Burn Spellbooks, Renounce Religion


You were on level 4 of the Shoals.
You worshipped Trog.
Trog was greatly pleased with you.
You were very hungry.

You visited 3 branches of the dungeon, and saw 25 of its levels.
You visited the Abyss 1 time.

You collected 1491 gold pieces.
You spent 198 gold pieces at shops.

Inventory:

Hand Weapons
 a - a +3 antimagic battleaxe (weapon)
 b - a +2 antimagic battleaxe
 H - a +3 battleaxe of chopping
Armour
 g - a +0 pair of boots (worn)
 p - a +1 cloak (worn)
 r - a +0 plate armour (worn)
 s - a +1 pair of gloves (worn)
Jewellery
 o - an uncursed ring of protection from fire {unknown}
 z - an uncursed ring of see invisible
 B - an amulet of regeneration (around neck)
 D - a +5 ring of evasion (left hand)
 E - an uncursed ring of protection from cold
 I - the ring of the Mage (right hand) {Wiz MR++ Int+3}
   (You found it on level 4 of the Shoals)

   [ring of wizardry]

   It improves your spell success rate.
   It affects your intelligence (+3).
   It affects your resistance to hostile enchantments.
Wands
 c - a wand of iceblast (3/15)
 y - a wand of iceblast (8/15)
 J - a wand of digging (21/24)
Scrolls
 d - 12 scrolls of remove curse
 h - 8 scrolls of teleportation
 i - 2 scrolls of fog
 j - 5 scrolls of magic mapping
 t - a scroll of recharging
 u - 2 scrolls of enchant weapon
 F - 3 scrolls of identify
 G - 2 scrolls of enchant armour
Potions
 e - 2 potions of agility
 f - 5 potions of mutation {!q!q}
 k - 4 potions of brilliance
 n - 2 potions of heal wounds
 q - a potion of flight
 v - a potion of resistance
 x - a potion of lignification {unknown}
 A - 2 potions of curing
 C - 2 potions of might {unknown}
Comestibles
 l - 3 royal jellies
 m - 10 bread rations
 w - 8 fruits


   Skills:
 + Level 17.4 Fighting
 * Level 23.3 Axes
 + Level 15.0 Armour
 - Level 2.1 Dodging


You had 15 spell levels left.
You didn't know any spells.

Dungeon Overview and Level Annotations

Branches:
Dungeon (15/15)              Lair (6/6) D:8          Shoals (4/4) Lair:2
 Spider (0/4) Lair:3        Slime (0/5) Lair:6          Orc (0/2) D:12
 Vaults (0/5) D:13         Depths (0/5) D:15
 Temple: D:4-7

Altars:
Cheibriados
Nemelex Xobeh
Ru
The Shining One

Shops:
D:8 *   D:9 %   D:11 *}   Shoals:3 (

Annotations:
D:12 2 runed doors, exclusion: orange crystal statue


Innate Abilities, Weirdness & Mutations

You reflexively headbutt those who attack you in melee.
You have a pair of large horns on your head.
You have large cloven feet.
You are dopey. (Int -2)
Your spells are a little harder to cast, but a little more powerful.


Message History

* * * LOW HITPOINT WARNING * * *
The merfolk hits you but does no damage.
The merfolk hits you with a trident!
* * * LOW HITPOINT WARNING * * *
The merfolk javelineer throws a javelin of returning.
The javelin of returning hits you but does no damage.
The weapon returns to the merfolk javelineer!
You are too injured to fight recklessly!
You slash the merfolk!
The merfolk is moderately wounded.
You barely miss the merfolk javelineer. You slash the merfolk!
The merfolk hits you from afar with a trident.
* * * LOW HITPOINT WARNING * * *
The merfolk hits you with a trident.
* * * LOW HITPOINT WARNING * * *
The merfolk hits you with a trident.
* * * LOW HITPOINT WARNING * * *
The merfolk javelineer throws a javelin of returning.
The javelin of returning hits you.
You die...

≈≈≈≈≈................≈mm≈
≈≈≈≈......≈≈≈≈≈≈....≈≈≈≈.
≈≈≈........≈≈≈≈.....≈≈≈.#
###.........≈≈...#...≈≈≈#
≈≈##........≈...........#
≈≈≈#≈........(..(≈...?..#
≈≈≈†≈....≈≈.............#
≈≈≈#....≈≈≈≈.(##mm≈≈≈....
≈≈##....≈≈≈≈(###@..≈.....
###.........≈(..m....P...
≈≈≈≈............mP...)...
≈≈≈≈≈.........≈≈≈≈≈...P.≈
≈≈≈≈≈.....<...≈≈≈≈≈.P≈.P.
≈≈≈≈≈≈≈.......≈≈≈......P≈≈
≈≈≈≈≈≈....###..≈P.......(≈
≈≈≈≈≈≈≈.≈..###.≈..##≈≈≈...
≈≈≈≈≈≈≈≈≈≈.###...##.≈≈....


You could see a merfolk javelineer and 3 merfolk.

Vanquished Creatures
  Nessos (Lair:4)
  The ghost of lunatic the Archer, a journeyman CeHu of Dithmenos (D:14)
  6 merfolk impalers
  A merfolk javelineer (Shoals:3)
  Snorg (Lair:3)
  Josephine (D:11)
  Fannar (Lair:2)
  A yaktaur captain (D:15)
  5 hydras
  3 merfolk avatars
  Erica (D:9)
  4 merfolk aquamancers
  2 centaur warriors
  4 death yaks (Lair:6)
  4 two-headed ogres
  2 satyrs (Shoals:3)
  3 tengu warriors
  Sonja (D:13)
  7 skeletal warriors
  An unseen horror (D:15)
  9 sea snakes
  2 necromancers (D:13)
  9 harpies
  A deep elf mage (D:15)
  2 orc knights (D:15)
  10 fauns
  8 manticores
  An orc sorcerer (D:15)
  16 ugly things
  3 water nymphs
  5 centaur zombies
  A vault sentinel (D:13)
  An elephant (Lair:6)
  9 merfolk sirens
  4 centaur skeletons
  Psyche (D:9)
  2 black mambas
  A torpor snail (Lair:6)
  A gargoyle (D:14)
  8 spiny frogs
  An efreet (D:14)
  11 yaktaurs
  12 komodo dragons
  A rime drake (Lair:6)
  A harpy zombie (D:15)
  A freezing wraith (D:15)
  A queen bee (shapeshifter) (D:15)
  18 merfolk
  A tengu conjurer (Shoals:1)
  3 hornets (Lair:6)
  A troll (D:13)
  3 wind drakes
  17 blink frogs
  4 slime creatures (D:12)
  17 hippogriffs
  8 dream sheep
  A blink frog (shapeshifter) (D:15)
  6 snapping turtles
  19 water elementals
  The ghost of SpeedrunTech the Chopper, an amateur MiBe of Trog (D:8)
  13 spriggans (Lair:6)
  5 wraiths
  21 yaks
  3 basilisks
  3 wyverns
  3 vampire mosquitoes (D:15)
  5 hungry ghosts
  2 wargs (D:15)
  A soldier ant (D:12)
  3 acid dragons
  7 water moccasins
  9 orc warriors
  10 porcupines
  9 black bears
  13 ice beasts
  An eye of draining (D:9)
  A sky beast (D:13)
  2 necrophages
  4 boggarts (Lair:6)
  A phantom (D:5)
  4 centaurs
  36 wolves
  4 ogres
  8 crocodiles
  A big kobold (D:11)
  18 bullfrogs
  Blork the orc (D:6)
  A scorpion (D:8)
  A water moccasin skeleton (D:8)
  15 wights
  A howler monkey (D:9)
  2 electric eels (D:12)
  7 crimson imps
  A bullfrog zombie (D:12)
  A quasit (D:14)
  3 hounds
  6 orc wizards
  A bullfrog skeleton (D:12)
  8 orc priests
  A gnoll shaman (D:10)
  12 jellies
  3 iguanas
  2 hell rats (Lair:1)
  7 worker ants
  A hound zombie (D:10)
  2 hound skeletons (D:10)
  A worker ant zombie (D:10)
  13 gnolls
  A howler monkey skeleton (D:5)
  6 adders
  9 river rats (Lair:1)
  5 shadow imps
  A white imp (Abyss:2)
  5 oozes
  An adder skeleton (D:8)
  2 adder zombies
  A worm (D:2)
  A leopard gecko (D:8)
  48 orcs
  2 giant cockroaches
  6 goblins
  2 hobgoblins (D:1)
  9 jackals
  A quokka (D:10)
  A ball python skeleton (D:4)
  3 bats
  2 frilled lizards
  6 kobolds
  A rat (Lair:1)
  A fungus (Lair:6)
  5 plants
667 creatures vanquished.

Vanquished Creatures (collateral kills)
  A spriggan (Lair:6)
  A cyclops (Shoals:4)
  A water nymph (Shoals:4)
  A hornet (Lair:6)
  A snapping turtle (Shoals:4)
  A centaur simulacrum (D:15)
  4 wolves (Lair:6)
  An orc (D:15)
11 creatures vanquished.

Vanquished Creatures (others)
  An acid dragon (D:15)
  A fungus (Lair:6)
  2 plants (Lair:4)
4 creatures vanquished.

Grand Total: 682 creatures vanquished

Notes
Turn   | Place    | Note
-------+----------+-------------------------------------------
     0 | D:1      | SpeedrunTech the Minotaur Berserker began the quest for the Orb.
     0 | D:1      | Reached XP level 1. HP: 19/19 MP: 0/0
    29 | D:1      | Reached skill level 4 in Axes
    29 | D:1      | Reached XP level 2. HP: 9/27 MP: 1/1
   528 | D:2      | Found a snail-covered altar of Cheibriados.
   542 | D:3      | Reached XP level 3. HP: 31/33 MP: 2/2
   791 | D:3      | Reached ** piety under Trog
   927 | D:4      | Reached skill level 5 in Axes
  1104 | D:4      | Reached XP level 4. HP: 41/41 MP: 3/3
  1152 | D:5      | Entered Level 5 of the Dungeon
  1199 | D:5      | Noticed a phantom
  1216 | D:5      | Reached skill level 5 in Fighting
  1219 | D:5      | Noticed an ice beast
  1221 | D:5      | Killed a phantom
  1221 | D:5      | Reached skill level 6 in Axes
  1221 | D:5      | Reached XP level 5. HP: 32/48 MP: 4/4
  1226 | D:5      | Killed an ice beast
  1226 | D:5      | Reached skill level 7 in Axes
  1226 | D:5      | Reached XP level 6. HP: 54/56 MP: 5/5
  1366 | D:6      | Noticed Blork the orc
  1372 | D:6      | Killed Blork the orc
  1516 | D:7      | Reached skill level 8 in Axes
  1840 | D:7      | Found a sparkling altar of Nemelex Xobeh.
  1877 | D:7      | Reached XP level 7. HP: 64/64 MP: 6/6
  1972 | D:8      | Reached skill level 9 in Axes
  2419 | D:8      | Noticed SpeedrunTech's ghost (amateur MiBe)
  2426 | D:8      | Killed SpeedrunTech's ghost
  2426 | D:8      | Reached XP level 8. HP: 73/73 MP: 7/7
  2498 | D:8      | Reached skill level 10 in Axes
  2511 | D:8      | HP: 7/74 [hungry ghost (1)]
  2520 | D:8      | Gained mutation: You are dopey. (Int -2) [potion of mutation]
  2520 | D:8      | Gained mutation: You have a pair of large horns on your head. [potion of mutation]
  2520 | D:8      | Gained mutation: You have large cloven feet. [potion of mutation]
  2520 | D:8      | Gained mutation: Your spells are a little harder to cast, but a little more powerful. [potion of mutation]
  2521 | D:8      | HP: 5/74 [hungry ghost (3)]
  2758 | D:8      | Reached skill level 11 in Axes
  2814 | D:8      | Found a staircase to the Lair.
  2947 | D:8      | Reached XP level 9. HP: 83/83 MP: 8/8
  3001 | D:8      | Reached *** piety under Trog
  3121 | D:8      | Found Tubbagutoh's General Store.
  3124 | D:8      | Bought 2 potions of agility for 96 gold pieces
  3124 | D:8      | Bought a +0 pair of boots for 54 gold pieces
  3346 | D:9      | Reached skill level 12 in Axes
  3347 | D:9      | Noticed Erica
  3356 | D:9      | Killed Erica
  3475 | D:9      | Noticed Psyche
  3481 | D:9      | Killed Psyche
  3481 | D:9      | Reached skill level 10 in Fighting
  3481 | D:9      | Reached skill level 13 in Axes
  3872 | D:9      | Found Banlomel's Food Boutique.
  4293 | D:10     | Entered Level 10 of the Dungeon
  4306 | D:10     | Noticed a two-headed ogre
  4454 | D:10     | Killed a two-headed ogre
  4454 | D:10     | Reached skill level 14 in Axes
  4454 | D:10     | Reached XP level 10. HP: 94/94 MP: 9/9
  4861 | D:10     | Reached **** piety under Trog
  5523 | D:11     | Noticed an angel
  5539 | D:11     | Found Den Samn's Hallowed Reliquary.
  5542 | D:11     | Noticed Josephine
  5555 | D:11     | Reached skill level 15 in Axes
  5560 | D:11     | Killed Josephine
  5560 | D:11     | Reached skill level 5 in Armour
  5633 | D:11     | Found a glowing golden altar of the Shining One.
  5636 | D:11     | Bought a potion of curing for 48 gold pieces
  6041 | D:11     | Found Doust's Gadget Emporium.
  6196 | Lair:1   | Entered Level 1 of the Lair of Beasts
  6208 | Lair:1   | Found a frozen archway.
  6217 | Lair:1   | Reached XP level 11. HP: 103/103 MP: 10/10
  6538 | Lair:1   | Noticed a four-headed hydra
  6558 | Lair:1   | Killed a 15-headed hydra
  6558 | Lair:1   | Reached skill level 16 in Axes
  6647 | Lair:1   | Noticed a five-headed hydra
  6656 | Lair:1   | Noticed an eight-headed hydra
  6659 | Lair:1   | Killed a 12-headed hydra
  6957 | Lair:1   | Killed a 12-headed hydra
  8009 | Lair:2   | Found a sacrificial altar of Ru.
  8131 | Lair:2   | Found a staircase to the Shoals.
  8189 | Lair:2   | Noticed Fannar
  8198 | Lair:2   | Killed Fannar
  8474 | Lair:2   | Reached ***** piety under Trog
  8535 | Lair:2   | Reached skill level 17 in Axes
  9049 | Lair:2   | Reached XP level 12. HP: 113/113 MP: 11/11
  9550 | Lair:3   | Noticed Snorg
  9565 | Lair:3   | Killed Snorg
  9742 | Lair:3   | Found a hole to the Spider Nest.
 10820 | Lair:4   | Noticed Nessos
 10833 | Lair:4   | Killed Nessos
 11138 | Lair:4   | Reached skill level 18 in Axes
 12039 | Lair:5   | Received a gift from Trog
 12084 | Lair:5   | Reached skill level 10 in Armour
 12194 | Lair:5   | Reached XP level 13. HP: 53/124 MP: 4/12
 13239 | Lair:6   | Entered Level 6 of the Lair of Beasts
 13488 | Lair:6   | Reached skill level 19 in Axes
 13919 | Lair:6   | Found a staircase to the Slime Pits.
 14026 | Lair:6   | Paralysed by a hornet for 3 turns
 14266 | Lair:6   | Received a gift from Trog
 14568 | Lair:6   | Reached skill level 15 in Fighting
 15092 | D:12     | Found a runed door.
 15111 | D:12     | Found a runed door.
 15164 | D:12     | Reached skill level 20 in Axes
 15677 | D:12     | Reached XP level 14. HP: 135/135 MP: 4/13
 15704 | D:12     | Found a staircase to the Orcish Mines.
 16070 | D:13     | Noticed Sonja
 16088 | D:13     | Killed Sonja
 16430 | D:13     | Received a gift from Trog
 17033 | D:13     | Found a gate to the Vaults.
 17267 | D:14     | Noticed lunatic's ghost (journeyman CeHu)
 17277 | D:14     | Killed lunatic's ghost
 17440 | D:14     | Reached skill level 21 in Axes
 17853 | D:14     | Found a sacrificial altar of Ru.
 17864 | D:15     | Entered Level 15 of the Dungeon
 17877 | D:15     | Received a gift from Trog
 18339 | D:15     | Reached XP level 15. HP: 63/144 MP: 4/14
 18357 | D:15     | Found a staircase to the Depths.
 18871 | D:11     | Received a gift from Trog
 19071 | Shoals:1 | Entered Level 1 of the Shoals
 19122 | Shoals:1 | Reached skill level 22 in Axes
 19131 | Shoals:1 | HP: 13/145 [water elemental (3)]
 19135 | Lair:2   | HP: 4/145 [water elemental (14)]
 21051 | Shoals:2 | Received a gift from Trog
 22661 | Shoals:3 | Found Viwydeet's Antique Weapon Emporium.
 22674 | Shoals:3 | Reached skill level 23 in Axes
 23060 | Shoals:4 | Entered Level 4 of the Shoals
 23065 | Shoals:4 | Reached XP level 16. HP: 155/155 MP: 5/15
 23348 | Shoals:4 | Reached skill level 15 in Armour
 23465 | Shoals:4 | Cast into level 2 of the Abyss (merfolk)
 23465 | Abyss:2  | Found a corrupted altar of Lugonu.
 23502 | Shoals:4 | Escaped the Abyss
 23758 | Shoals:4 | HP: 14/155 [cyclops/large rock (15)]
 24107 | Shoals:4 | HP: 12/155 [merfolk/trident (6)]
 24107 | Shoals:4 | HP: 3/155 [merfolk/trident (4)]
 24107 | Shoals:4 | Hit by a javelin of returning thrown by a merfolk javelineer

Skill      XL: |  1  2  3  4  5  6  7  8  9 10 11 12 13 14 15 16 |
---------------+-------------------------------------------------+-----
Axes           | 4 5 6 7 8 9 11 14 15 17 18 20 21 23 | 23.3
Fighting       | 4 5 6 7 9 10 11 12 14 15 16 17 | 17.4
Armour         | 5 8 10 12 13 14 15 | 15.0
Dodging        | |  2.1

Action                   |  1- 3 |  4- 6 |  7- 9 | 10-12 | 13-15 | 16-18 || total
-------------------------+-------+-------+-------+-------+-------+-------++-------
Melee: Hand axe          |    68 |    51 |   191 |       |       |       ||   310
       Headbutt          |    14 |    12 |    38 |   111 |   247 |    24 ||   446
       Kick              |       |       |    33 |       |       |       ||    33
       Broad axe         |       |       |       |   452 |       |       ||   452
       Battleaxe         |       |       |       |    27 |  1059 |   101 ||  1187
Invok: Berserk           |     1 |     3 |     9 |    10 |    22 |     6 ||    51
       Trog's Hand       |       |       |     3 |     5 |    14 |     7 ||    29
       Burn Spellbooks   |       |       |       |     3 |     2 |     1 ||     6
       Brothers in Arms  |       |       |       |     2 |     3 |     2 ||     7
Evoke: Wand              |       |       |       |       |     2 |       ||     2
  Use: Potion            |       |       |     1 |     2 |     3 |     2 ||     8
       Scroll            |       |       |     5 |     6 |    10 |     2 ||    23
  Eat: Chunk             |     1 |     4 |    11 |    25 |    38 |     6 ||    85
       Bread ration      |       |       |     3 |       |       |       ||     3
       Royal jelly       |       |       |     2 |       |     2 |     1 ||     5
       Meat ration       |       |       |       |     3 |     6 |       ||     9
Armor: Animal skin       |     7 |       |       |       |       |       ||     7
       Scale mail        |    19 |    14 |    55 |       |       |       ||    88
       Plate armour      |       |       |       |   406 |   752 |    85 ||  1243
Dodge: Dodged            |    66 |    27 |    70 |   219 |   426 |    87 ||   895
